 Dungeon Crawl Stone Soup version 0.30-a0-371-gad7725a93e (webtiles) character file.

Game seed: 16248632544257088544

176 avis the Shooter (level 5, -3/30 HPs)
             Began as a Kobold Hexslinger on Nov 21, 2022.
             Blown up by Ijyb (5 damage)
             ... with a mindburst bolt
             ... on level 3 of the Dungeon.
             The game lasted 00:13:04 (2723 turns).

avis the Shooter (Kobold Hexslinger)                Turns: 2723, Time: 00:13:04

Health: -3/30      AC: 12    Str:  7    XL:     5   Next: 86%
Magic:  6/6        EV: 12    Int: 15    God:
Gold:   140        SH:  0    Dex: 17    Spells: 5/6 levels left

rFire   + + .      SeeInvis .    t - +2 dagger (freeze)
rCold   + . .      Faith    .    (no shield)
rNeg    . . .      Spirit   .    m - +6 ring mail of the Alphagorgon {rF+ Stlth+}
rPois   +          Reflect  .    (no helmet)
rElec   +          Harm     .    j - +0 cloak
rCorr   +          Rampage  .    (no gloves)
Will    .....                    (no boots)
Stlth   ++++......               (no amulet)
HPRegen 0.25/turn                (no ring)
MPRegen 0.10/turn                (no ring)

@: resistant, attractive, hasted, very quick
A: small, no large weapons, nightstalker 3
a: no special abilities


You were on level 3 of the Dungeon.
You visited 1 branch of the dungeon, and saw 3 of its levels.

You collected 140 gold pieces.

Inventory:

Hand Weapons
 a - a +1 sling
 b - a +3 dagger
 o - a +2 vorpal hand axe
 t - a +2 dagger of freezing (weapon)
Missiles
 l - 6 poisoned darts
Armour
 c - a +0 robe
 j - a +0 cloak (worn)
 m - the +6 ring mail of the Alphagorgon (worn) {rF+ Stlth+}
   (You found it on level 2 of the Dungeon)

   rF:        It protects you from fire.
   Stlth:     It makes you more stealthy.
Scrolls
 d - 5 scrolls of identify {unknown}
 e - a scroll of poison
 g - a scroll of silence {unknown}
 k - a scroll of fog {unknown}
 n - a scroll of blinking {unknown}
 s - a scroll of amnesia {unknown}
 u - a scroll of teleportation {unknown}
 w - a scroll of immolation {unknown}
 y - a scroll of noise {unknown}
Potions
 i - a potion of haste
 p - a potion of magic
 q - a potion of berserk rage {unknown}
 r - a potion of curing {unknown}
 v - a potion of heal wounds {unknown}
 x - a potion of flight {unknown}


   Skills:
 - Level 2.0 Fighting
 * Level 5.8 Ranged Weapons
 - Level 3.0 Dodging
 + Level 3.6 Stealth
 - Level 1.1 Spellcasting
 - Level 3.0 Hexes


You had 5 spell levels left.
You knew the following spells:

 Your Spells              Type           Power      Damage    Failure   Level
a - Slow                  Hex            36%        N/A       26%         1

Your spell library contained the following spells:

 Spells                   Type           Power      Damage    Failure   Level
 Inner Flame              Hex/Fire       5%         N/A       80%         3
 Portal Projectile        Hex/Tloc       10%        N/A       80%         3
 Cause Fear               Hex            4%         N/A       94%         4
 Chain Lightning          Conj/Air       0%         N/A       100%        9
 Fire Storm               Conj/Fire      0%         5d1       100%        9
 Shatter                  Erth           0%         3d5*      100%        9


Dungeon Overview and Level Annotations

Branches:
Dungeon (3/15)

Altars:
Fedhas
Nemelex Xobeh
Yredelemnul

Annotations:
D:3 Ijyb


Innate Abilities, Weirdness & Mutations

You are small and have problems with some larger weapons.
You are completely attuned to the shadows.


Message History

Ijyb screams, "You nasty!
Big nasty!"
Ijyb hits you but does no damage.
You hit Ijyb but do no damage.
Ijyb zaps a wand.
Your mind is blasted!
You hit Ijyb. You freeze Ijyb.
Ijyb is lightly wounded.
Ijyb hits you but does no damage.
You barely miss Ijyb.
Ijyb is lightly wounded.
Ijyb hits you but does no damage.
You closely miss Ijyb.
Ijyb is lightly wounded.
Ijyb zaps a wand.
Your mind is blasted!
You hit Ijyb. You freeze Ijyb.
Ijyb is moderately wounded.
Ijyb hits you with a +0 club.
You hit Ijyb but do no damage.
Ijyb is lightly wounded.
Ijyb hits you but does no damage.
You completely miss Ijyb.
Ijyb is lightly wounded.
Ijyb zaps a wand.
Your mind is blasted!
Ouch! That really hurt!
* * * LOW HITPOINT WARNING * * *
It was a potion of magic.
Magic courses through your body. Ijyb hits you but does no damage.
It was a potion of haste.
You feel yourself speed up. Ijyb hits you but does no damage.
You hit Ijyb. You freeze Ijyb.
Ijyb is moderately wounded.
Ijyb barely misses you.
It was a potion of attraction.
You feel attractive to monsters. Ijyb hits you but does no damage.
It was a potion of resistance.
You feel protected.
You closely miss Ijyb.
Ijyb is moderately wounded.
Ijyb screams, "You nasty!
Big nasty!"
Ijyb zaps a wand.
Your mind is blasted!
You die...

#.g)<# #.#### ... #.# ._.#
##.# .... ..# ...g###.##
....@....# ....###..# ....
#..# .... #..# ##.. #..#
#..####### #........#
###############.######.##
##...........†.#.##......#


You could see Ijyb.

Vanquished Creatures
  6 gnolls
  6 adders
  3 dart slugs
  4 endoplasms
  4 giant cockroaches
  9 goblins
  6 hobgoblins
  3 quokkas
  5 ball pythons
  3 bats
  2 frilled lizards (D:1)
  3 kobolds
  6 rats
60 creatures vanquished.

Vanquished Creatures (others)
  5 fungi (D:3)
  2 plants (D:3)
7 creatures vanquished.

Grand Total: 67 creatures vanquished

Notes
Turn   | Place    | Note
-------+----------+-------------------------------------------
     0 | D:1      | avis the Kobold Hexslinger began the quest for the Orb.
     0 | D:1      | Reached XP level 1. HP: 12/12 MP: 2/2
   125 | D:1      | Noticed an eye of devastation
   127 | D:1      | Noticed a floating eye
   429 | D:1      | Reached skill level 3 in Ranged Weapons
   434 | D:1      | Reached XP level 2. HP: 15/16 MP: 3/3
   546 | D:1      | Reached skill level 1 in Stealth
   691 | D:1      | Found a faded altar of an unknown god.
   691 | D:1      | Noticed a golden eye
   764 | D:1      | Noticed an eye of devastation
  1090 | D:2      | Reached XP level 3. HP: 16/20 MP: 4/4
  1181 | D:2      | Identified the +6 ring mail of the Alphagorgon {rF+ Stlth+}
  1243 | D:2      | You fall into a shaft and drop 1 floor!
  1309 | D:3      | Reached XP level 4. HP: 24/26 MP: 5/5
  1342 | D:3      | Reached skill level 4 in Ranged Weapons
  1464 | D:3      | Found a blossoming altar of Fedhas.
  1671 | D:3      | Reached XP level 5. HP: 30/30 MP: 6/6
  1717 | D:2      | Reached skill level 5 in Ranged Weapons
  1764 | D:2      | Found a basalt altar of Yredelemnul.
  2609 | D:3      | Noticed Ijyb
  2701 | D:3      | Found a sparkling altar of Nemelex Xobeh.
  2717 | D:3      | HP: 1/30 [disintegration (15)]
  2723 | D:3      | Blown up by Ijyb

Illustrated notes

Levels and vault maps discovered:
D:1:      dpeg_arrival_refuge, layout_basic,
          hellmonk_ecumenical_altar_watching_god, minmay_tetromino_o2
D:2:      kennysheep_six_static_rooms, layout_loops_ring, basic_altar
D:3:      layout_basic, fedhas_altar_3, grunt_temple_overflow_open,
          serial_shops, shop, st_stairs_12, minmay_misc_feat_columns,
          hangedman_feature_mirror, lexackson_kobold_supper, uniq_terence,
          uniq_pargi, uniq_ijyb, uniq_crazy_yiuf_cottage

Skill      XL: |  1  2  3  4  5 |
---------------+----------------+-----
Ranged Weapons | 3 4 5 |  5.8
Stealth        | 1 2 3 |  3.6
Dodging        | 3 |  3.0
Fighting       | 2 |  2.0
Spellcasting   | |  1.1
Hexes          | |  3.0

Action                   |  1- 3 |  4- 6 || total
-------------------------+-------+-------++-------
Melee: Hand axe          |    25 |    44 ||    69
       Dagger            |       |    30 ||    30
       Punch             |       |     1 ||     1
 Fire: Sling             |    54 |    58 ||   112
 Cast: Slow              |     2 |       ||     2
  Use: Potion            |       |     4 ||     4
Armor: Robe              |     3 |       ||     3
       Ring mail         |     2 |    34 ||    36
Dodge: Dodged            |    34 |    69 ||   103

Table legend: (Time is in decaauts)
 A = Elapsed time spent in this place.
 B = Non-inter-level travel time spent in this place.
 C = Inter-level travel time spent in this place.
 D = Time resting spent in this place.
 E = Time spent auto-exploring this place.
 F = Levels seen in this place.
 G = Mean time per level.
                   A        B        C        D        E       F      G
               +--------+--------+--------+--------+--------+-----+--------+
         Total |   2755 |   2457 |    298 |    425 |   1460 |   3 |  918.3 |
       Dungeon |   2755 |   2457 |    298 |    425 |   1460 |   3 |  918.3 |
               +--------+--------+--------+--------+--------+-----+--------+

Top non-repeatable levels by time:
     D:1: 1116 daAuts
     D:2: 1062 daAuts
     D:3: 576 daAuts
